PBL
ROSWELL INVADERS @ AMARILLO THUNDERHEADS
09/26/2045
 
TOP OF THE 1ST
Roswell Invaders batting - Pitching for Amarillo ThunderHeads : RHP Brad Sanchez
Pitching: RHP Brad Sanchez
Batting: RHB Hyeok Shon 0-0: Called Strike
0-1: Ball
1-1: Ball
2-1: Foul Ball, location: 2F
2-2: DOUBLE (Groundball, 5L, EV 103.8 MPH)
Batting: SHB Ed Vargas 0-0: Ball
1-0: Ball
2-0: Ball
Passed Ball!
Hyeok Shon to third
3-0: Called Strike
3-1: Foul Ball, location: 2F
3-2: Strikes out swinging
Batting: RHB Josh Burrows 0-0: Foul Ball, location: 2F
0-1: Swinging Strike
0-2: Ball
1-2: Foul Ball, location: 2F
1-2: Foul Ball, location: 2F
1-2: Ball
2-2: Fly out, F9 (Flyball, 9LD, EV 95.0 MPH)
Runner from 3rd tags up, SCORES, no throw by RF
Batting: RHB Mike Swift 0-0: Ball
1-0: Ground out 4-3 (Groundball, 4, EV 81.2 MPH)
Top of the 1st over - 1 run, 1 hit, 0 errors, 0 left on base; Roswell 1 - Amarillo 0
BOTTOM OF THE 1ST
Amarillo ThunderHeads batting - Pitching for Roswell Invaders : LHP Cory Youngquist
Pitching: LHP Cory Youngquist
Batting: SHB Zack Barton 0-0: Foul Ball, location: 2F
0-1: Fly out, F4 (Popup, 4S, EV 68.8 MPH)
Batting: RHB Sam Voss 0-0: SINGLE (Line Drive, 6D, EV 111.9 MPH)
Batting: RHB Sal Cervantes 0-0: Ball
1-0: Ball
Sam Voss is caught stealing 2nd base 2-4
2-0: Ball
3-0: Called Strike
3-1: Ground out 5-3 (Groundball, 56, EV 101.9 MPH)
Bottom of the 1st over - 0 runs, 1 hit, 0 errors, 0 left on base; Roswell 1 - Amarillo 0
TOP OF THE 2ND
Roswell Invaders batting - Pitching for Amarillo ThunderHeads : RHP Brad Sanchez
Batting: LHB Dallas Kelly 0-0: Called Strike
0-1: Ball
1-1: Foul Ball, location: 2F
1-2: Foul Ball, location: 2F
1-2: Ball
2-2: Strikes out swinging
Batting: LHB Josh Thomas 0-0: Ball
1-0: Called Strike
1-1: Ball
2-1: Ball
3-1: Ground out 4-3 (Groundball, 34, EV 98.1 MPH)
Batting: RHB D.J. Cooke 0-0: SINGLE (Line Drive, 78M, EV 94.4 MPH)
Batting: RHB Edwin Romero 0-0: Called Strike
0-1: Ball
1-1: Called Strike
1-2: Fly out, F9 (Flyball, 89S, EV 91.2 MPH)
Top of the 2nd over - 0 runs, 1 hit, 0 errors, 1 left on base; Roswell 1 - Amarillo 0
BOTTOM OF THE 2ND
Amarillo ThunderHeads batting - Pitching for Roswell Invaders : LHP Cory Youngquist
Batting: RHB Jerry Foster 0-0: Ground out 6-3 (Groundball, 6, EV 86.2 MPH)
Batting: RHB Ron Squires 0-0: Swinging Strike
0-1: Ball
1-1: Foul Ball, location: 2F
1-2: Foul Ball, location: 2F
1-2: Strikes out swinging
Batting: RHB Elias Sagrero 0-0: Called Strike
0-1: Ball
1-1: Ball
2-1: Foul Ball, location: 2F
2-2: Fly out, F8 (Flyball, 8RM, EV 89.4 MPH)
Bottom of the 2nd over - 0 runs, 0 hits, 0 errors, 0 left on base; Roswell 1 - Amarillo 0
TOP OF THE 3RD
Roswell Invaders batting - Pitching for Amarillo ThunderHeads : RHP Brad Sanchez
Batting: RHB Hector Tabares 0-0: Ball
1-0: Foul Ball, location: 2F
1-1: Called Strike
1-2: Strikes out swinging
Batting: RHB Hyeok Shon 0-0: Ball
1-0: Swinging Strike
1-1: Foul Ball, location: 2F
1-2: Ground out 6-3 (Groundball, 6, EV 90.0 MPH)
Batting: SHB Ed Vargas 0-0: Called Strike
0-1: Called Strike
0-2: Fly out, F7 (Flyball, 7, EV 85.0 MPH)
Top of the 3rd over - 0 runs, 0 hits, 0 errors, 0 left on base; Roswell 1 - Amarillo 0
BOTTOM OF THE 3RD
Amarillo ThunderHeads batting - Pitching for Roswell Invaders : LHP Cory Youngquist
Batting: RHB Bill Flannery 0-0: Ball
1-0: Ball
2-0: Foul Ball, location: 2F
2-1: Ball
3-1: Ground out 4-3 (Groundball, 4, EV 86.9 MPH)
Batting: SHB Tyler Romo 0-0: Ground out 6-3 (Groundball, 6M, EV 103.1 MPH)
Batting: RHB Torsten Fisher 0-0: Ball
1-0: Foul Ball, location: 2F
1-1: Ball
2-1: Fly out, F8 (Flyball, 8RD, EV 102.5 MPH)
Bottom of the 3rd over - 0 runs, 0 hits, 0 errors, 0 left on base; Roswell 1 - Amarillo 0
TOP OF THE 4TH
Roswell Invaders batting - Pitching for Amarillo ThunderHeads : RHP Brad Sanchez
Batting: RHB Josh Burrows 0-0: Swinging Strike
0-1: Called Strike
0-2: Ball
1-2: Ball
2-2: Ball
3-2: Strikes out swinging
Batting: RHB Mike Swift 0-0: Called Strike
0-1: Foul Ball, location: 2F
0-2: Ball
1-2: Fly out, F4 (Flyball, 34D, EV 95.6 MPH)
Batting: LHB Dallas Kelly 0-0: Called Strike
0-1: Foul Ball, location: 2F
0-2: Foul Ball, location: 2F
0-2: Foul Ball, location: 2F
0-2: Strikes out swinging passed ball, reaches first!
Batting: LHB Josh Thomas 0-0: Swinging Strike
0-1: Ball
1-1: Called Strike
1-2: Strikes out swinging
Top of the 4th over - 0 runs, 0 hits, 0 errors, 1 left on base; Roswell 1 - Amarillo 0
BOTTOM OF THE 4TH
Amarillo ThunderHeads batting - Pitching for Roswell Invaders : LHP Cory Youngquist
Batting: SHB Zack Barton 0-0: Ball
1-0: Ground out U3 (Groundball, 3, EV 87.5 MPH)
Batting: RHB Sam Voss 0-0: Ball
1-0: Fly out, F9 (Flyball, 9S, EV 90.6 MPH)
Batting: RHB Sal Cervantes 0-0: Ground out 4-3 (Groundball, 4, EV 78.8 MPH)
Bottom of the 4th over - 0 runs, 0 hits, 0 errors, 0 left on base; Roswell 1 - Amarillo 0
TOP OF THE 5TH
Roswell Invaders batting - Pitching for Amarillo ThunderHeads : RHP Brad Sanchez
Batting: RHB D.J. Cooke 0-0: Called Strike
0-1: Ground out U3 (Groundball, 34, EV 85.0 MPH)
Batting: RHB Edwin Romero 0-0: Ball
1-0: Foul Ball, location: 2F
1-1: Ball
2-1: Foul Ball, location: 2F
2-2: Foul Ball, location: 2F
2-2: Foul Ball, location: 2F
2-2: Ball
3-2: Foul Ball, location: 2F
3-2: Foul Ball, location: 2F
3-2: Base on Balls
Batting: RHB Hector Tabares 0-0: Ball
1-0: Called Strike
1-1: Ball
2-1: Ball
Wild Pitch!
Edwin Romero to second
3-1: Fly out, F8 (Flyball, 89S, EV 86.2 MPH)
Batting: RHB Hyeok Shon 0-0: Ground out 6-3 (Groundball, 6MD, EV 101.9 MPH)
Top of the 5th over - 0 runs, 0 hits, 0 errors, 1 left on base; Roswell 1 - Amarillo 0
BOTTOM OF THE 5TH
Amarillo ThunderHeads batting - Pitching for Roswell Invaders : LHP Cory Youngquist
Batting: RHB Jerry Foster 0-0: Called Strike
0-1: Called Strike
0-2: Fly out, F9 (Flyball, 9S, EV 89.4 MPH)
Batting: RHB Ron Squires 0-0: Called Strike
0-1: Called Strike
0-2: Ball
1-2: SINGLE (Line Drive, 6D, EV 98.8 MPH)
Batting: RHB Elias Sagrero 0-0: Called Strike
0-1: Ball
1-1: Called Strike
Ron Squires steals 2nd base
1-2: Ball
2-2: Ball
3-2: Base on Balls
Batting: RHB Bill Flannery 0-0: Called Strike
0-1: Called Strike
0-2: Ball
1-2: Ball
2-2: Ball
3-2: Base on Balls
Ron Squires to third
Elias Sagrero to second
Batting: SHB Tyler Romo 0-0: Called Strike
0-1: Swinging Strike
0-2: Ball
1-2: Strikes out swinging
Batting: RHB Torsten Fisher 0-0: Ball
1-0: Ball
2-0: Ball
3-0: Fielders Choice at 2nd, 6-4 (Groundball, 6, EV 92.5 MPH)
Bottom of the 5th over - 0 runs, 1 hit, 0 errors, 3 left on base; Roswell 1 - Amarillo 0
TOP OF THE 6TH
Roswell Invaders batting - Pitching for Amarillo ThunderHeads : RHP Brad Sanchez
Batting: SHB Ed Vargas 0-0: Called Strike
0-1: Ball
1-1: Foul Ball, location: 2F
1-2: Strikes out swinging
Batting: RHB Josh Burrows 0-0: Swinging Strike
0-1: Foul Ball, location: 2F
0-2: Strikes out swinging
Batting: RHB Mike Swift 0-0: Ball
1-0: DOUBLE (Flyball, 3D, EV 100.6 MPH)
Batting: LHB Dallas Kelly 0-0: Ground out 4-3 (Groundball, 4, EV 86.2 MPH)
Top of the 6th over - 0 runs, 1 hit, 0 errors, 1 left on base; Roswell 1 - Amarillo 0
BOTTOM OF THE 6TH
Amarillo ThunderHeads batting - Pitching for Roswell Invaders : LHP Cory Youngquist
Batting: SHB Zack Barton 0-0: Foul Ball, location: 2F
0-1: Ball
1-1: Ball
2-1: DOUBLE (Line Drive, 9LS, EV 96.2 MPH)
Pinch Runner at 2nd Josh Shoemaker:
Batting: RHB Sam Voss 0-0: Foul Ball, location: 2F
0-1: Called Strike
0-2: Ball
Passed Ball!
Josh Shoemaker to third
1-2: Strikes out swinging
Batting: RHB Sal Cervantes 0-0: Foul Ball, location: 2F
0-1: Called Strike
0-2: Ball
1-2: Foul Ball, location: 2F
1-2: Ball
2-2: Foul Ball, location: 2F
2-2: SINGLE (Groundball, 34, EV 94.4 MPH)
Josh Shoemaker scores
Batting: RHB Jerry Foster 0-0: Ball
1-0: Called Strike
1-1: Foul Ball, location: 2F
1-2: Ball
2-2: Strikes out swinging
Sal Cervantes steals 2nd base
Batter strikes out.
Batting: RHB Ron Squires 0-0: Ground out 4-3 (Groundball, 4, EV 82.5 MPH)
Bottom of the 6th over - 1 run, 2 hits, 0 errors, 1 left on base; Roswell 1 - Amarillo 1
TOP OF THE 7TH
Roswell Invaders batting - Pitching for Amarillo ThunderHeads : RHP Brad Sanchez
Now in CF: Santino Pisanello
Batting: LHB Josh Thomas 0-0: Fly out, F8 (Flyball, 8LM, EV 98.1 MPH)
Batting: RHB D.J. Cooke 0-0: Called Strike
0-1: Swinging Strike
0-2: Ball
1-2: Ball
2-2: Ball
3-2: Strikes out swinging
Batting: RHB Edwin Romero 0-0: Swinging Strike
0-1: Swinging Strike
0-2: Strikes out swinging
Top of the 7th over - 0 runs, 0 hits, 0 errors, 0 left on base; Roswell 1 - Amarillo 1
BOTTOM OF THE 7TH
Amarillo ThunderHeads batting - Pitching for Roswell Invaders : LHP Cory Youngquist
Batting: RHB Elias Sagrero 0-0: Ball
1-0: Ball
2-0: Called Strike
2-1: Fly out, F9 (Flyball, 9, EV 76.2 MPH)
Batting: RHB Bill Flannery 0-0: Called Strike
0-1: Ball
1-1: Ball
2-1: Ball
3-1: Base on Balls
Batting: SHB Tyler Romo 0-0: Ball
1-0: Foul Ball, location: 2F
1-1: Ball
2-1: Foul Ball, location: 2F
2-2: Fly out, F7 (Flyball, 78S, EV 85.6 MPH)
Batting: RHB Torsten Fisher 0-0: Called Strike
0-1: Ball
1-1: Ball
2-1: Called Strike
2-2: Ground out 1-3 (Groundball, 15S, EV 68.1 MPH)
Bottom of the 7th over - 0 runs, 0 hits, 0 errors, 1 left on base; Roswell 1 - Amarillo 1
TOP OF THE 8TH
Roswell Invaders batting - Pitching for Amarillo ThunderHeads : RHP Brad Sanchez
Pitching: RHP Nick Ehrlich
Pinch Hitting: SHB Ethan Newby 0-0: Ball
1-0: Foul Ball, location: 2F
1-1: Ball
2-1: Swinging Strike
2-2: Foul Ball, location: 2F
2-2: Ground out 4-3 (Groundball, 4, EV 100.0 MPH)
Batting: RHB Hyeok Shon 0-0: Called Strike
0-1: Ball
1-1: Ball
2-1: Foul Ball, location: 2F
2-2: Ground out 4-3 (Groundball, 13, EV 84.4 MPH)
Batting: SHB Ed Vargas 0-0: Swinging Strike
0-1: Ball
1-1: Ball
2-1: Swinging Strike
2-2: Ground out U3 (Groundball, 3, EV 85.0 MPH)
Top of the 8th over - 0 runs, 0 hits, 0 errors, 0 left on base; Roswell 1 - Amarillo 1
BOTTOM OF THE 8TH
Amarillo ThunderHeads batting - Pitching for Roswell Invaders : LHP Cory Youngquist
Now at 2B: Daniel Rivera
Batting: LHB Santino Pisanello 0-0: Ball
1-0: Called Strike
1-1: Foul Ball, location: 2F
1-2: Ball
2-2: Foul Ball, location: 2F
2-2: Foul Ball, location: 2F
2-2: Foul Ball, location: 2F
2-2: Foul Ball, location: 2F
2-2: Foul Ball, location: 2F
2-2: Ball
3-2: Base on Balls
Pitching: RHP Edwin Martinez
Batting: RHB Sam Voss 0-0: Ball
1-0: Sac Bunt to 2R - play at first, batter OUT! 2-4
Santino Pisanello to second
Batting: RHB Sal Cervantes 0-0: Ground out 6-3 (Groundball, 56, EV 103.1 MPH)
Batting: RHB Jerry Foster 0-0: Ground out 5-3 (Groundball, 56, EV 81.2 MPH)
Bottom of the 8th over - 0 runs, 0 hits, 0 errors, 1 left on base; Roswell 1 - Amarillo 1
TOP OF THE 9TH
Roswell Invaders batting - Pitching for Amarillo ThunderHeads : RHP Nick Ehrlich
Pitching: LHP Matt Hawk
Batting: RHB Josh Burrows 0-0: Called Strike
0-1: Ball
1-1: Ball
2-1: Ball
3-1: Base on Balls
Batting: RHB Mike Swift 0-0: Called Strike
0-1: Ball
1-1: Ball
2-1: Swinging Strike
2-2: Fly out, F3 (Flyball, 3D, EV 82.5 MPH)
Pinch Hitting: RHB Orlando Florez 0-0: SINGLE (Flyball, 3D, EV 95.6 MPH)
Josh Burrows to second
Batting: LHB Josh Thomas 0-0: Ball
1-0: Foul Ball, location: 2F
1-1: Foul Ball, location: 2F
1-2: Strikes out swinging
Batting: RHB D.J. Cooke 0-0: Called Strike
0-1: Swinging Strike
0-2: Foul Ball, location: 2F
0-2: Ball
1-2: Ball
2-2: Strikes out swinging
Top of the 9th over - 0 runs, 1 hit, 0 errors, 2 left on base; Roswell 1 - Amarillo 1
BOTTOM OF THE 9TH
Amarillo ThunderHeads batting - Pitching for Roswell Invaders : RHP Edwin Martinez
Now in RF: Falco van Koeveringe
Batting: RHB Ron Squires 0-0: Ground out 4-3 (Groundball, 4S, EV 65.0 MPH)
Batting: RHB Elias Sagrero 0-0: Foul Ball, location: 2F
0-1: Ball
1-1: Ball
2-1: Ball
3-1: Base on Balls
Batting: RHB Bill Flannery 0-0: Called Strike
0-1: Called Strike
0-2: Strikes out looking
Batting: SHB Tyler Romo 0-0: Called Strike
0-1: Foul Ball, location: 2F
0-2: Ball
1-2: Strikes out swinging
Bottom of the 9th over - 0 runs, 0 hits, 0 errors, 1 left on base; Roswell 1 - Amarillo 1
TOP OF THE 10TH
Roswell Invaders batting - Pitching for Amarillo ThunderHeads : LHP Matt Hawk
Batting: RHB Edwin Romero 0-0: Ball
1-0: Called Strike
1-1: Foul Ball, location: 2F
1-2: Strikes out swinging, 2-3 out at first.
Batting: RHB Daniel Rivera 0-0: Ball
1-0: Called Strike
1-1: Ground out 1-3 (Groundball, 13S, EV 65.0 MPH)
Batting: RHB Hyeok Shon 0-0: Ball
1-0: Ball
2-0: Fly out, F6 (Line Drive, 6, EV 70.0 MPH)
Top of the 10th over - 0 runs, 0 hits, 0 errors, 0 left on base; Roswell 1 - Amarillo 1
BOTTOM OF THE 10TH
Amarillo ThunderHeads batting - Pitching for Roswell Invaders : RHP Edwin Martinez
Pitching: RHP Moises Baez
Batting: RHB Torsten Fisher 0-0: Ball
1-0: Reached on error, E6 (Groundball, 6, EV 105.0 MPH)
Batting: LHB Santino Pisanello 0-0: Ball
1-0: Ball
2-0: Called Strike
2-1: Bunted foul
2-2: Grounds into double play, 6-4-3 (Groundball, 6, EV 88.8 MPH)
Batting: RHB Sam Voss 0-0: Called Strike
0-1: Ball
1-1: Ball
2-1: Swinging Strike
2-2: Strikes out swinging
Bottom of the 10th over - 0 runs, 0 hits, 1 error, 0 left on base; Roswell 1 - Amarillo 1
TOP OF THE 11TH
Roswell Invaders batting - Pitching for Amarillo ThunderHeads : LHP Matt Hawk
Pitching: RHP Javier Carrasco
Batting: SHB Ed Vargas 0-0: Called Strike
0-1: Foul Ball, location: 2F
0-2: Foul Ball, location: 2F
0-2: Foul Ball, location: 2F
0-2: Ball
1-2: Ball
2-2: Ball
3-2: Foul Ball, location: 2F
3-2: Ground out 4-3 (Groundball, 4, EV 104.4 MPH)
Batting: RHB Josh Burrows 0-0: Ball
1-0: Foul Ball, location: 2F
1-1: Ball
2-1: SINGLE (Line Drive, 34D, EV 96.2 MPH)
Batting: RHB Mike Swift 0-0: Ball
1-0: Called Strike
1-1: Ball
2-1: Fly out, F6 (Popup, 4MS, EV 74.4 MPH)
Batting: LHB Falco van Koeveringe 0-0: Called Strike
0-1: Swinging Strike
Passed Ball!
Josh Burrows to second
0-2: Foul Ball, location: 2F
0-2: Foul Ball, location: 2F
0-2: Ball
1-2: Hit by Pitch
Batting: LHB Josh Thomas 0-0: Foul Ball, location: 2F
0-1: Foul Ball, location: 2F
0-2: Ball
1-2: Ground out 3-1 (Groundball, 34, EV 101.9 MPH)
Top of the 11th over - 0 runs, 1 hit, 0 errors, 2 left on base; Roswell 1 - Amarillo 1
BOTTOM OF THE 11TH
Amarillo ThunderHeads batting - Pitching for Roswell Invaders : RHP Moises Baez
Batting: RHB Sal Cervantes 0-0: Called Strike
0-1: Fly out, F7 (Flyball, 78D, EV 89.4 MPH)
Batting: RHB Jerry Foster 0-0: Called Strike
0-1: Foul Ball, location: 2F
0-2: Strikes out swinging
Batting: RHB Ron Squires 0-0: Called Strike
0-1: Ball
1-1: Foul Ball, location: 2F
1-2: Foul Ball, location: 2F
1-2: Ball
2-2: Strikes out looking
Bottom of the 11th over - 0 runs, 0 hits, 0 errors, 0 left on base; Roswell 1 - Amarillo 1
TOP OF THE 12TH
Roswell Invaders batting - Pitching for Amarillo ThunderHeads : RHP Javier Carrasco
Batting: RHB D.J. Cooke 0-0: Ball
1-0: TRIPLE (Flyball, 9LD, EV 105.0 MPH)
Batting: RHB Edwin Romero 0-0: Called Strike
0-1: Foul Ball, location: 2F
0-2: Hit by Pitch
Batting: RHB Daniel Rivera 0-0: Foul Ball, location: 2F
0-1: Ball
1-1: Foul Ball, location: 2F
1-2: Ground out 6-3 (Groundball, 6S, EV 89.4 MPH)
Edwin Romero to second
Batting: RHB Hyeok Shon 0-0: Ball
1-0: Called Strike
1-1: Ball
Passed Ball!
D.J. Cooke scores
Edwin Romero to third
2-1: Bunted foul
2-2: Ball
3-2: Fly out, F8 (Flyball, 8RS, EV 83.1 MPH)
Runner from 3rd tags up, SCORES, throw by CF
Pitching: LHP Pat Mena
Batting: SHB Ed Vargas 0-0: Ball
1-0: Ball
2-0: Ball
3-0: Called Strike
3-1: Foul Ball, location: 2F
3-2: Base on Balls
Batting: RHB Josh Burrows 0-0: Called Strike
0-1: Ball
1-1: Ball
2-1: Ball
3-1: Foul Ball, location: 2F
3-2: Fly out, F8 (Flyball, 8LM, EV 79.4 MPH)
Top of the 12th over - 2 runs, 1 hit, 0 errors, 1 left on base; Roswell 3 - Amarillo 1
BOTTOM OF THE 12TH
Amarillo ThunderHeads batting - Pitching for Roswell Invaders : RHP Moises Baez
Pitching: LHP Ian Tamburrino
Batting: RHB Elias Sagrero 0-0: Called Strike
0-1: Ball
1-1: Ball
2-1: Ball
3-1: Called Strike
3-2: Foul Ball, location: 2F
3-2: Base on Balls
Batting: RHB Bill Flannery 0-0: Fly out, F8 (Flyball, 8LS, EV 86.2 MPH)
Pinch Hitting: RHB Eric Juarez 0-0: Ball
1-0: Ball
2-0: Fly out, F7 (Flyball, 78M, EV 78.1 MPH)
Batting: RHB Torsten Fisher 0-0: Fly out, F6 (Flyball, 6D, EV 88.8 MPH)
Bottom of the 12th over - 0 runs, 0 hits, 0 errors, 1 left on base; Roswell 3 - Amarillo 1
Wednesday, June 22nd , 2022 - OOTP Baseball 23.4 Build 64